 Dungeon Crawl Stone Soup version 0.30.0-29-ga12c61a403 (webtiles) character file.

Game seed: 12678468468223341514

586 safid the Chiller (level 7, -5/54 HPs)
             Began as a Merfolk Ice Elementalist on June 13, 2023.
             Was an Initiate of Vehumet.
             Slain by an ogre
             ... wielding a +0 giant club
              (26 damage)
             ... on level 5 of the Dungeon on June 14, 2023.
             The game lasted 00:08:01 (4218 turns).

safid the Chiller (Merfolk Ice Elementalist)        Turns: 4218, Time: 00:08:02

Health: -5/54      AC:  2    Str:  8    XL:     7   Next: 37%
Magic:  2/13       EV: 16    Int: 16    God:    Vehumet [......]
Gold:   233        SH:  0    Dex: 15    Spells: 2/14 levels left

rFire   + . .        x - +2 hand axe (elec)
rCold   . . .        (no shield)
rNeg    . . .        a - +0 robe
rPois   .            (no helmet)
rElec   .            (no cloak)
rCorr   .            (no gloves)
SInv    .            (boots currently unavailable)
Will    .....        i - amulet of regeneration
Stlth   +++          r - ring of protection from fire
HPRegen 1.09/turn    (no ring)
MPRegen 0.13/turn

%: no passive effects
@: very quick
A: nimble swimmer 2, mertail
a: Renounce Religion


You were on level 5 of the Dungeon.
You worshipped Vehumet.
Vehumet was noncommittal.
You visited 2 branches of the dungeon, and saw 6 of its levels.

You collected 233 gold pieces.

Inventory:

Hand Weapons
 x - a +2 hand axe of electrocution (weapon)
Armour
 a - a +0 robe (worn)
Jewellery
 i - an amulet of regeneration (around neck)
 r - a ring of protection from fire (left hand)
Wands
 v - a wand of acid (2)
Scrolls
 d - 3 scrolls of teleportation {unknown}
 h - a scroll of torment {unknown}
 k - 2 scrolls of enchant weapon {unknown}
 l - a scroll of blinking {unknown}
 m - 2 scrolls of amnesia {unknown}
 p - 3 scrolls of identify {unknown}
 q - a scroll of vulnerability {unknown}
 s - a scroll of noise {unknown}
 t - a scroll of brand weapon {unknown}
 u - a scroll of fog {unknown}
 w - 2 scrolls of poison {unknown}
Potions
 b - a potion of magic
 c - a potion of invisibility {unknown}
 f - 2 potions of heal wounds {unknown}
 g - a potion of degeneration {unknown}
 j - 2 potions of curing
 n - a potion of might {unknown}
 o - 2 potions of lignification {unknown}


   Skills:
 + Level 4.1 Fighting
 + Level 3.7 Dodging
 - Level 2.1 Stealth
 + Level 4.1 Spellcasting
 + Level 1.1 Conjurations
 + Level 1.8 Transmutations
 + Level 6.2 Ice Magic


You had 2 spell levels left.
You knew the following spells:

 Your Spells              Type           Power      Damage    Failure   Level
a - Freeze                Ice            92%        1d9       1%          1
b - Frozen Ramparts       Ice            46%        1d7       3%          3
c - Ozocubu's Armour      Ice            23%        N/A       3%          3
d - Irradiate             Conj/Tmut      4%         3d13      94%         5

Your spell library contained the following spells:

 Spells                   Type           Power      Damage    Failure   Level
 Sublimation of Blood     Necr           3%         N/A       26%         2
 Summon Ice Beast         Ice/Summ       13%        N/A       43%         4
 Petrify                  Tmut/Erth      6%         N/A       75%         4
 Blade Hands              Tmut           4%         N/A       91%         5
 Dragon Form              Tmut           4%         N/A       100%        7


Dungeon Overview and Level Annotations

Branches:
Dungeon (5/15)             Temple (1/1) D:4

Altars:
Ashenzari
Dithmenos
Gozag
Hepliaklqana
Nemelex Xobeh
Qazlal
Ru
Uskayaw
Vehumet
Wu Jian
Xom
Yredelemnul
The Shining One

Shops:
D:2 (


Innate Abilities, Weirdness & Mutations

You are very nimble when in or above water. (Stealth+, EV+, Speed+++)
Your lower body shifts to a powerful aquatic tail in water.


Message History

Press: ? - help, Shift-Dir - straight line, f/p - ogre
Aim: an ogre, wielding a +0 giant club (moderately wounded)
You freeze the ogre.
The ogre is heavily wounded.
Unknown command.
Casting: Freeze (safe; 1% risk of failure)
Confirm with . or Enter, or press ? or * to list all spells.
Aiming: Freeze (safe; 1% risk of failure)
Press: ? - help, Shift-Dir - straight line, f/p - ogre
Aim: an ogre, wielding a +0 giant club (heavily wounded)
You freeze the ogre.
The ogre is severely wounded.
The ogre barely misses you.
Unknown command.
Casting: Freeze (safe; 1% risk of failure)
Confirm with . or Enter, or press ? or * to list all spells.
Aiming: Freeze (safe; 1% risk of failure)
Press: ? - help, Shift-Dir - straight line, f/p - ogre
Aim: an ogre, wielding a +0 giant club (severely wounded)
You freeze the ogre.
The ogre is severely wounded.
The ogre hits you with a +0 giant club!!
Unknown command.
Casting: Freeze (safe; 1% risk of failure)
Confirm with . or Enter, or press ? or * to list all spells.
Aiming: Freeze (safe; 1% risk of failure)
Press: ? - help, Shift-Dir - straight line, f/p - ogre
Aim: an ogre, wielding a +0 giant club (severely wounded)
You freeze the ogre.
The ogre is almost dead.
Unknown command.
Casting: Freeze (safe; 1% risk of failure)
Confirm with . or Enter, or press ? or * to list all spells.
Aiming: Freeze (safe; 1% risk of failure)
Press: ? - help, Shift-Dir - straight line, f/p - ogre
Aim: an ogre, wielding a +0 giant club (almost dead)
You freeze the ogre.
The ogre is almost dead.
The ogre hits you with a +0 giant club!!
You die...

#.......# ........# #≈#
..#.....## ##≈≈#
.........######≈≈≈#......
......~..~~.~#≈≈≈≈# ....
~~~~~~~~≈.~~~~.≈≈≈# ...#
≈≈≈~~~~≈.~~~~~.≈≈.# ...
≈.≈~~.~~O~~~~~≈≈~.###.#
~~~~~~~≈~@~~~~~~..##..##
~≈#............~.###...##
≈
#..##..####..####.....##
#.# #..# ##..##..##.....
## ##+# #..#...###))###
#####..# ##)# ##.###).#
##..##..### .##..........


You could see an ogre.

Vanquished Creatures
  A black bear (D:4)
  2 ogres (D:4)
  An orc priest (D:4)
  A hound (D:4)
  2 iguanas
  A sleepcap (D:4)
  2 orc wizards
  3 adders
  A white imp (D:4)
  2 worms (D:3)
  3 dart slugs
  8 orcs
  10 ball pythons
  8 bats
  9 endoplasms
  3 giant cockroaches
  8 goblins
  8 hobgoblins
  2 jackals (D:2)
  5 quokkas
  4 frilled lizards
  3 kobolds
  5 rats
92 creatures vanquished.

Notes
Turn   | Place    | Note
-------+----------+-------------------------------------------
     0 | D:1      | safid the Merfolk Ice Elementalist began the quest for the
                  | Orb.
     0 | D:1      | Reached XP level 1. HP: 13/13 MP: 3/3
   191 | D:1      | Reached XP level 2. HP: 12/20 MP: 0/5
   318 | D:1      | Reached skill level 1 in Fighting
   627 | D:1      | Reached XP level 3. HP: 26/26 MP: 4/6
   633 | D:1      | Learned a level 3 spell: Frozen Ramparts
  1474 | D:2      | Found a broken altar of Ashenzari.
  1521 | D:2      | Found Etut's Weapon Shoppe.
  1734 | D:2      | You fall into a shaft and drop 1 floor!
  1786 | D:3      | Learned a level 3 spell: Ozocubu's Armour
  1833 | D:3      | Reached skill level 5 in Ice Magic
  1995 | D:3      | Reached XP level 4. HP: 30/33 MP: 5/8
  2192 | D:3      | Found a sparkling altar of Nemelex Xobeh.
  2321 | D:3      | Found a faded altar of an unknown god.
  2655 | D:3      | Found a shimmering altar of Xom.
  2657 | D:3      | Found a radiant altar of Vehumet.
  2657 | D:3      | Found a basalt altar of Yredelemnul.
  2659 | D:3      | Found an opulent altar of Gozag.
  2659 | D:3      | Found a sparkling altar of Nemelex Xobeh.
  2659 | D:3      | Found a shadowy altar of Dithmenos.
  2847 | D:4      | Noticed a black bear
  2847 | D:4      | Found a broken altar of Ashenzari.
  2954 | D:4      | Found a staircase to the Ecumenical Temple.
  2961 | D:4      | Found an ornate altar of the Wu Jian Council.
  2966 | D:4      | Reached XP level 5. HP: 16/39 MP: 3/9
  2983 | Temple   | Entered the Ecumenical Temple
  3229 | Temple   | Became a worshipper of Vehumet
  3314 | D:4      | Killed a black bear
  3315 | D:4      | Reached XP level 6. HP: 21/47 MP: 1/11
  3491 | D:4      | Learned a level 5 spell: Irradiate
  3592 | D:4      | Reached skill level 1 in Transmutations
  3592 | D:4      | Reached skill level 6 in Ice Magic
  3618 | D:4      | Reached XP level 7. HP: 45/53 MP: 2/13
  4005 | D:4      | Reached skill level 1 in Conjurations
  4094 | D:5      | Entered Level 5 of the Dungeon
  4218 | D:5      | Slain by an ogre

Illustrated notes

Levels and vault maps discovered:
D:1:      onia_arrival_mini_maze_b, layout_basic
D:2:      layout_basic, serial_shops, nicolae_shop_bloodbath_and_beyond,
          basic_altar
D:3:      layout_loops_ring, mainiacjoe_overflow_alcove_2, doesnt_xom_only_xom,
          shapermc_ecumenical_altar_pompeii
D:4:      layout_rooms, cheibrodos_ashenzari_chains,
          mainiacjoe_overflow_tiny_flanked,
          minmay_temple_entry_drinking_statues, minivault_25
D:5:      gammafunk_steamed_eel, layout_layer_cave,
          gammafunk_temple_overflow_forgotten, old_standard_altar,
          elyvilon_altar_4, serial_rivers, chequers_serial_rivers_micro_b,
          chequers_serial_rivers_marsh, chequers_serial_rivers_micro_c,
          chequers_serial_rivers_small_b, chequers_serial_rivers_small_3,
          chequers_serial_rivers_large_a, uniq_crazy_yiuf_cottage,
          uniq_eustachio
Temple:   hellmonk_temple_forest_ring

Skill      XL: |  1  2  3  4  5  6  7 |
---------------+----------------------+-----
Fighting       | 1 2 3 4 |  4.1
Ice Magic      | 5 6 |  6.2
Spellcasting   | 3 4 |  4.1
Dodging        | 3 |  3.7
Transmutations | 1 |  1.8
Conjurations   | 1 |  1.1
Stealth        | |  2.1

Action                     |  1- 3 |  4- 6 |  7- 9 || total
---------------------------+-------+-------+-------++-------
  Melee: Unarmed           |     5 |       |       ||     5
         Short sword       |    70 |    96 |    12 ||   178
         Punch             |       |     2 |       ||     2
   Cast: Freeze            |    38 |    35 |    16 ||    89
         Frozen Ramparts   |       |     6 |     4 ||    10
         Ozocubu's Armour  |       |     3 |     3 ||     6
    Use: Potion            |       |       |     2 ||     2
   Stab: Sleeping          |     8 |     2 |       ||    10
 Armour: Robe              |    13 |    26 |     3 ||    42
  Dodge: Dodged            |    78 |    69 |    12 ||   159
